 Dungeon Crawl Stone Soup version 0.24-a0-235-g3f03afc (webtiles) character file.

Game seed: 1867528966213025897

1176 Hylith the Geomancer (level 8, 65/72 HPs)
             Began as a Deep Dwarf Earth Elementalist on Apr 6, 2019.
             Was a Follower of Elyvilon.
             Quit the game on level 5 of the Dungeon.
             The game lasted 00:21:48 (4828 turns).

Hylith the Geomancer (DDEE)                         Turns: 4828, Time: 00:21:49

Health: 65/72      AC:  6    Str: 13      XL:     8   Next: 18%
Magic:  5/5        EV: 11    Int: 17      God:    Elyvilon [*.....]
Gold:   230        SH:  9    Dex: 12 (13) Spells: 10/11 levels left

rFire    . . .     SeeInvis .   q - +2 flail (protect)
rCold    . . .     Gourm    .   t - +0 shield
rNeg     . . .     Faith    .   B - +1 robe {Archmagi}
rPois    .         Spirit   .   (no helmet)
rElec    .         Reflect  .   (no cloak)
rCorr    .         Harm     .   x - +1 pair of gloves
MR       ++...                  y - +0 pair of boots
Stlth    ++........             u - amulet of magic regeneration
HPRegen  0.00/turn              z - ring of protection from magic
MPRegen  0.34/turn              (no ring)

@: non-regenerating
A: damage resistance, heal wounds, sense surroundings 1, no regeneration
a: Heal Wounds, Lesser Healing, Divine Protection, Renounce Religion


You were on level 5 of the Dungeon.
You worshipped Elyvilon.
Elyvilon was aware of your devotion.
You were not hungry.

You visited 1 branch of the dungeon, and saw 5 of its levels.

You collected 230 gold pieces.

Inventory:

Hand Weapons
 a - a +0 dagger
 o - a +0 short sword
 q - a +2 flail of protection (weapon)
Armour
 c - a +0 robe
 i - a +0 ring mail
 s - a +0 large shield
 t - a +0 shield (worn)
 x - a +1 pair of gloves (worn)
 y - a +0 pair of boots (worn)
 B - a +1 robe of the Archmagi (worn)
Jewellery
 u - an amulet of magic regeneration (around neck)
 z - a ring of protection from magic (left hand)
Wands
 A - a wand of iceblast (8)
Scrolls
 e - a scroll of immolation {unknown}
 f - 2 scrolls of teleportation {unknown}
 j - 2 scrolls of enchant weapon {unknown}
 k - 5 scrolls of remove curse {unknown}
 l - 5 scrolls of identify {unknown}
 m - 3 scrolls of magic mapping {unknown}
 v - a scroll of enchant armour {unknown}
 w - a scroll of amnesia {unknown}
Potions
 b - 2 potions of mutation {unknown}
 g - 2 potions of agility
 h - 2 potions of lignification {unknown}
 n - 2 potions of brilliance {unknown}
 p - a potion of flight {unknown}
 r - a potion of curing {unknown}
Comestibles
 d - 11 rations


   Skills:
 * Level 3.6 Fighting
 + Level 2.3 Maces & Flails
 - Level 3.0 Dodging
 - Level 3.0 Stealth
 * Level 4.5 Shields
 - Level 2.0 Spellcasting
   Level 0.8 Transmutations
 * Level 8.3 Earth Magic
 * Level 4.2 Invocations


You had 10 spell levels left.
You knew the following spells:

 Your Spells              Type           Power        Failure   Level  Hunger
a - Sandblast             Erth           #####.       2%          1    #......

Your spell library contained the following spells:

 Spells                   Type           Power        Failure   Level  Hunger
 Passwall                 Tmut/Erth      ####....     17%         2    ###....
 Stone Arrow              Conj/Erth      ###...       38%         3    ###....
 Lee's Rapid Deconstruct  Erth           #####.....   56%         5    ######.
 Petrify                  Tmut/Erth      ####....     73%         4    #####..


Dungeon Overview and Level Annotations

Branches:
Dungeon (5/15)             Temple (0/1) D:5

Altars:
Elyvilon
Okawaru
Qazlal

Shops:
D:5 (


Innate Abilities, Weirdness & Mutations

You are resistant to damage.
You can heal yourself by infusing magical energy.
You passively map a small area around you.
You do not regenerate.


Message History

You feel very sick.
You feel sick. x3
You are no longer poisoned.
You are healed.
You feel somewhat more hungry.
You are healed.
You feel somewhat more hungry.
You are healed.
You feel somewhat more hungry.
You are healed.
You feel somewhat more hungry.
You are healed.
You feel somewhat more hungry.
You are healed.
You feel somewhat more hungry.
You are healed.
You feel somewhat more hungry.
You start removing your armour.
You continue taking off your +0 robe. x4
You finish taking off your +0 robe.
You start putting on your armour.
You continue putting on your +1 robe of the Archmagi. x3
Magic restored.
You continue putting on your +1 robe of the Archmagi. x2
You finish putting on your +1 robe of the Archmagi.
You feel powerful.
There is a stone staircase leading up here.
Are you sure you want to abandon this character and quit the game? (Confirm with "yes".)

#.......# #.#####..........
#.......# #.#####..........
#.......# #.##.............
#.......######.##.......######
#..............##.......#.....
#...[############.......#.....
#.......#....)e.#.......#.....
#.....#.#.#####.#.......#.....
###'#.#.#.#..@#)#.......#.....
#.#.#.#.#.#.#.........'.....
#.#.#.#.#.#.###########.....
#.#...#.#.....# #.....
#[###.#.#.#.#.# ######
#.....#.#.#.#.#
#####.#)#.#.#.# #.#)#.#.#.#
##########.#.#.#.#.#


There were no monsters in sight!

Vanquished Creatures
  Edmund (D:5)
  Duvessa (D:5)
  2 ice beasts (D:5)
  Dowan (D:5)
  3 scorpions
  A crimson imp (D:5)
  3 orc priests (D:5)
  A centaur skeleton (D:4)
  3 hounds (D:4)
  A bullfrog skeleton (D:4)
  4 worker ants
  Ijyb (D:5)
  An orc wizard (D:5)
  A worker ant zombie (D:5)
  6 adders
  2 oozes
  A worm (D:2)
  3 dart slugs
  A leopard gecko (D:5)
  4 orcs
  2 ball pythons
  2 giant cockroaches
  9 goblins
  5 hobgoblins
  3 jackals (D:1)
  A quokka (D:4)
  9 bats
  6 frilled lizards
  7 kobolds
  6 rats
91 creatures vanquished.

Notes
Turn   | Place    | Note
-------+----------+-------------------------------------------
     0 | D:1      | Hylith the Deep Dwarf Earth Elementalist began the quest
                  | for the Orb.
     0 | D:1      | Reached XP level 1. HP: 15/15 MP: 3/3
   147 | D:1      | Reached XP level 2. HP: 19/22 MP: 0/5
   614 | D:1      | Reached XP level 3. HP: 17/28 MP: 4/6
  1168 | D:2      | Found a white marble altar of Elyvilon.
  1168 | D:2      | Found an iron altar of Okawaru.
  1172 | D:2      | Became a worshipper of Elyvilon the Healer
  1314 | D:2      | Reached skill level 5 in Earth Magic
  1377 | D:2      | Reached skill level 1 in Fighting
  1443 | D:2      | Reached XP level 4. HP: 21/38 MP: 5/7
  1772 | D:3      | Reached * piety under Elyvilon
  1772 | D:3      | Found a stormy altar of Qazlal.
  2249 | D:4      | Reached XP level 5. HP: 30/44 MP: 8/8
  2403 | D:4      | Reached skill level 1 in Shields
  2403 | D:4      | Reached skill level 6 in Earth Magic
  2403 | D:4      | Reached skill level 1 in Invocations
  2592 | D:4      | Reached XP level 6. HP: 39/52 MP: 6/9
  2824 | D:4      | Reached ** piety under Elyvilon
  3159 | D:5      | Entered Level 5 of the Dungeon
  3162 | D:5      | Found Saucs's Antique Weapon Boutique.
  3276 | D:5      | Noticed an ice beast
  3290 | D:5      | Killed an ice beast
  3290 | D:5      | Reached skill level 7 in Earth Magic
  3290 | D:5      | Reached XP level 7. HP: 28/61 MP: 4/10
  3458 | D:5      | Noticed Edmund
  3602 | D:5      | Killed Edmund
  3631 | D:5      | Found a staircase to the Ecumenical Temple.
  3635 | D:5      | Noticed Duvessa
  3636 | D:5      | Noticed Dowan
  3824 | D:5      | Reached skill level 8 in Earth Magic
  3910 | D:5      | Noticed Ijyb
  3953 | D:5      | Killed Ijyb
  4128 | D:5      | Reached skill level 1 in Maces & Flails
  4433 | D:5      | Reached XP level 8. HP: 35/69 MP: 10/10
  4693 | D:5      | Killed Duvessa
  4732 | D:5      | Killed Dowan
  4828 | D:5      | Quit the game

Levels and vault maps discovered:
D:1:      tarquinn_simple_flora_water_b, layout_basic, hangedman_decor_riveting,
          chequers_serial_rivers_room_b
D:2:      layout_loops_ring, gammafunk_temple_overflow_wave,
          hangedman_decor_clover_reticule
D:3:      layout_loops_ring, grunt_qazlal_sundering
D:4:      minmay_door_path, layout_loops_ring, first_ration,
          kennysheep_cluttered_room, grunt_tough_drop
D:5:      layout_basic, minmay_temple_entry_gardened_gates, serial_shops, shop,
          uniq_edmund, uniq_duvessa, uniq_ijyb

Skill      XL: |  1  2  3  4  5  6  7  8 |
---------------+-------------------------+-----
Spellcasting   | 2 |  2.0
Dodging        | 3 |  3.0
Earth Magic    | 5 6 7 8 |  8.3
Fighting       | 1 2 3 |  3.6
Stealth        | 3 |  3.0
Shields        | 2 3 4 |  4.5
Invocations    | 2 4 |  4.2
Maces & Flails | 1 2 |  2.3
Transmutations | |  0.8

Action                   |  1- 3 |  4- 6 |  7- 9 || total
-------------------------+-------+-------+-------++-------
Melee: Unarmed           |    23 |       |       ||    23
       Dagger            |   114 |       |       ||   114
       Short sword       |     1 |    88 |   103 ||   192
       Flail             |       |       |   159 ||   159
 Cast: Sandblast         |    32 |    43 |    20 ||    95
Invok: Lesser Healing    |       |     9 |    50 ||    59
 Abil: Heal Wounds       |       |       |    10 ||    10
 Stab: Sleeping          |     2 |     3 |       ||     5
  Eat: Chunk             |     3 |     7 |     7 ||    17
       Ration            |       |       |     2 ||     2
Armor: Robe              |    54 |     9 |    77 ||   140
Dodge: Dodged            |   133 |    54 |   108 ||   295
Block: Large shield      |       |    26 |       ||    26
       Shield            |       |    16 |   131 ||   147

Table legend:
 A = Non-vault XP
 B = Vault XP
 C = Vault XP percentage of total XP
 D = Non-vault monster count
 E = Vault monster count
 F = Vault count percentage of total count
                 A         B        C        D         E       F
            +---------+---------+-------+---------+---------+-------
      Total |    1192 |     488 |  29.0 |      84 |       7 |   7.7
            +---------+---------+-------+---------+---------+-------
        D:1 |      44 |       0 |   0.0 |      22 |       0 |   0.0
        D:2 |      71 |       0 |   0.0 |      27 |       0 |   0.0
        D:3 |      66 |       0 |   0.0 |       8 |       0 |   0.0
        D:4 |     302 |      70 |  18.8 |      12 |       3 |  20.0
        D:5 |     709 |     418 |  37.1 |      15 |       4 |  21.1
            +---------+---------+-------+---------+---------+-------
